[Event "Titled Tuesday Blitz September 28 2021"]
[White "Espinosa Veloz, Ermes"]
[Black "Zhalmakhanov, Ramazan"]
[WhiteFideId "3507424"]
[BlackFideId "13706357"]
[WhiteElo "2333"]
[BlackElo "2531"]
[Result "1/2-1/2"]
[Round "02"]
[TimeControl "180+1"]
[Date "2021.09.28"]
[WhiteClock "0:00:01"]
[BlackClock "0:00:05"]

1. e4 c5 2. Nf3 Nc6 3. Bb5 e6 4. O-O Nge7 5. c3 a6 6. Be2 d5 7. exd5 Nxd5 8. d4 Bd6 9. dxc5 Bxc5 10. c4 Nf6 11. Qxd8+ Kxd8 12. Nc3 Ke7 13. a3 Nd4 14. Nxd4 Bxd4 15. Bd2 Bd7 16. Bf3 Bc6 17. Bxc6 bxc6 18. Ne2 Bb6 19. b4 Rhd8 20. Rad1 Rd3 21. Be3 Rxe3 22. fxe3 Bxe3+ 23. Kh1 Ne4 24. Ra1 Rd8 25. g3 Rd2 26. Rfe1 Nf2+ 27. Kg2 Nd3 28. Red1 Rxe2+ 29. Kf3 Rxh2 30. Kxe3 Ne5 31. Rh1 Rg2 32. Kd4 f6 33. Rxh7 Kf7 34. Rh8 Rxg3 35. Ra8 Rd3+ 36. Kc5 Rc3 37. Rxa6 Rxc4+ 38. Kb6 g5 39. Ra7+ Kg6 40. Re7 Kf5 41. Rf1+ Rf4 42. Rc1 g4 43. Rb1 Nc4+ 44. Kc7 Nxa3 45. Rc1 Rxb4 46. Rxc6 Rc4 47. Rxe6 Rxc6+ 48. Rxc6 g3 49. Rc3 g2 50. Rg3 Nb5+ 51. Kb6 Nd4 52. Rxg2 Ke4 53. Rf2 Nf3 54. Re2+ Kf4 55. Re8 Ne5 56. Kc7 Ng6 57. Re6 Kf5 58. Rxf6+ Kxf6 1/2-1/2


[Site "https://www.chess.com"]

[Event "Titled Tuesday Blitz September 28 2021"]
[White "Gabrielian, Artur"]
[Black "Tologon tegin, Semetei"]
[WhiteFideId "4131002"]
[BlackFideId "13800574"]
[WhiteElo "2489"]
[BlackElo "2224"]
[Result "0-1"]
[Round "02"]
[TimeControl "180+1"]
[Date "2021.09.28"]
[WhiteClock "0:00:14"]
[BlackClock "0:00:15"]

1. e4 c5 2. Nc3 d6 3. d4 cxd4 4. Qxd4 Nc6 5. Qd2 g6 6. b3 Bh6 7. f4 f5 8. Bb2 Nf6 9. Bd3 O-O 10. O-O-O fxe4 11. Bc4+ e6 12. Kb1 d5 13. Bb5 Qc7 14. Nge2 a6 15. Bxc6 bxc6 16. Na4 Bg7 17. Be5 Qa7 18. Qc3 Bd7 19. Nc5 Rf7 20. Nd4 Ng4 21. Bxg7 Rxg7 22. Rhf1 Re8 23. h3 Nf6 24. g4 Rf7 25. b4 a5 26. bxa5 e3 27. Rfe1 Ne4 28. Nxe4 dxe4 29. Nb3 Rxf4 30. Rxe3 e5 31. Nc5 Be6 32. Ka1 Bd5 33. Rde1 Rf3 34. Nxe4 Bxe4 35. Rxf3 Bxf3 36. Qxf3 Qxa5 37. Rd1 e4 38. Qb3+ Kh8 39. Rd7 Qe5+ 40. c3 e3 41. Qb7 Qxc3+ 42. Kb1 Kg8 43. Rxh7 Rf8 0-1


[Site "https://www.chess.com"]

[Event "Titled Tuesday Blitz September 28 2021"]
[White "Gracia Alvarez, Gerardo Antonio"]
[Black "Bologan, Victor"]
[WhiteFideId "5109124"]
[BlackFideId "13900048"]
[WhiteElo "2148"]
[BlackElo "2511"]
[Result "0-1"]
[Round "02"]
[TimeControl "180+1"]
[Date "2021.09.28"]
[WhiteClock "0:00:01"]
[BlackClock "0:00:49"]

1. e4 e5 2. Nf3 Nc6 3. Nc3 Nf6 4. d4 exd4 5. Nxd4 Bb4 6. Nxc6 bxc6 7. Bd3 d5 8. Bd2 O-O 9. O-O Bd6 10. Bg5 h6 11. Bh4 Be5 12. exd5 Bxc3 13. bxc3 cxd5 14. c4 Bb7 15. Qf3 g5 16. Bg3 Rb8 17. Be5 dxc4 18. Bxf6 Bxf3 19. Bxd8 cxd3 20. Bxc7 Bxg2 21. Bxb8 Bxf1 22. Kxf1 Rxb8 23. cxd3 Rb2 24. a4 a5 25. Rc1 Ra2 26. Rc6 Kg7 27. Ke1 Rxa4 28. Kd2 Rh4 29. Ra6 Rxh2 30. Ke3 Rh3+ 31. Ke4 Rh4+ 32. Ke3 Ra4 33. d4 Ra1 34. d5 a4 35. Kd4 a3 36. Kc5 a2 37. Kd6 h5 38. Kd7 Rd1 0-1


[Site "https://www.chess.com"]

[Event "Titled Tuesday Blitz September 28 2021"]
[White "Grunberg, Mihai-Lucian"]
[Black "Petriashvili, Nikoloz"]
[WhiteFideId "1204149"]
[BlackFideId "13611216"]
[WhiteElo "2364"]
[BlackElo "2430"]
[Result "1/2-1/2"]
[Round "02"]
[TimeControl "180+1"]
[Date "2021.09.28"]
[WhiteClock "0:00:05"]
[BlackClock "0:00:25"]

1. Nf3 Nc6 2. d4 d5 3. c4 e6 4. e3 Nf6 5. Nc3 Bb4 6. Bd2 O-O 7. a3 Be7 8. Qc2 Bd7 9. Bd3 Rc8 10. O-O b6 11. b4 dxc4 12. Bxc4 Nb8 13. e4 c5 14. bxc5 bxc5 15. d5 exd5 16. exd5 Bd6 17. Bg5 Bg4 18. Nd2 Nbd7 19. Nce4 Bf5 20. Bd3 Bxe4 21. Nxe4 Be5 22. Nxf6+ Nxf6 23. Bxh7+ Kh8 24. Bf5 Bxa1 25. Rxa1 Qxd5 26. Bxf6 gxf6 27. Bxc8 Rxc8 28. Rd1 Qe5 29. Qc4 Re8 30. h3 Qe2 31. Qxe2 Rxe2 32. Rd7 Kg7 33. Rxa7 c4 34. Rc7 Rc2 35. a4 c3 36. a5 Ra2 37. Rxc3 Rxa5 38. g3 Ra4 39. Kg2 Rb4 40. g4 Ra4 41. Kg3 Ra1 42. h4 Rg1+ 43. Kf4 Rh1 44. h5 Rf1 45. f3 Ra1 46. Rc5 Ra3 47. Ke4 Rb3 48. Rf5 Rb4+ 49. Ke3 Rb3+ 50. Kf4 Rb4+ 51. Kg3 Rb3 52. Kh4 Rb1 53. Kg3 Rg1+ 54. Kf4 Rf1 55. h6+ Kxh6 56. Rxf6+ Kg7 57. g5 Rb1 58. Kg4 Rb4+ 59. f4 Rb5 60. Ra6 Rb4 61. Ra7 Rc4 62. Kf5 Rc5+ 63. Kg4 Rc4 64. Rb7 Ra4 65. Rb5 Ra1 66. Rf5 Rg1+ 67. Kf3 Rf1+ 68. Kg3 Kg6 69. Rf6+ Kg7 70. Rb6 Rg1+ 71. Kf3 Rf1+ 72. Kg4 Ra1 73. f5 Ra4+ 74. Kh5 Ra1 75. g6 fxg6+ 76. fxg6 Rh1+ 77. Kg5 Rg1+ 78. Kh5 Rh1+ 79. Kg5 Rg1+ 80. Kh5 Rh1+ 1/2-1/2


[Site "https://www.chess.com"]

[Event "Titled Tuesday Blitz September 28 2021"]
[White "Hamidi, Amir Mohammad"]
[Black "Kaminski, Victor"]
[WhiteFideId "12563285"]
[BlackFideId "1131630"]
[WhiteElo "2239"]
[BlackElo "2181"]
[Result "0-1"]
[Round "02"]
[TimeControl "180+1"]
[Date "2021.09.28"]
[WhiteClock "0:01:20"]
[BlackClock "0:00:13"]

1. d4 Nf6 2. Nf3 g6 3. g3 Bg7 4. Bg2 d5 5. O-O c6 6. c4 O-O 7. cxd5 cxd5 8. Ne5 e6 9. Nc3 Nfd7 10. Nxd7 Qxd7 11. b3 b6 12. Ba3 Rd8 13. Rc1 Nc6 14. e3 Ba6 15. Re1 Rac8 16. Qd2 Bf8 17. Bxf8 Kxf8 18. Na4 Kg7 19. Rc2 Ne7 20. Rec1 Rxc2 21. Rxc2 Rc8 22. Bf1 Bxf1 23. Kxf1 Nf5 24. Rxc8 Qxc8 25. Qc3 Qa6+ 26. Ke1 Nd6 27. Qc2 Ne4 28. f3 Nd6 29. Qe2 Qa5+ 30. Qd2 Qa6 31. Nc3 b5 32. Nd1 Qb6 33. Nf2 b4 34. Nd3 a5 35. Nc5 Nb5 36. Qd3 Nc3 37. a4 h5 0-1


[Site "https://www.chess.com"]

[Event "Titled Tuesday Blitz September 28 2021"]
[White "Herrera Reyes, Jose Antonio"]
[Black "Jobava, Baadur"]
[WhiteFideId "2274914"]
[BlackFideId "13601520"]
[WhiteElo "2591"]
[BlackElo "3001"]
[Result "1-0"]
[Round "02"]
[TimeControl "180+1"]
[Date "2021.09.28"]
[WhiteClock "0:01:53"]
[BlackClock "0:01:11"]

1. Nf3 d5 2. g3 c6 3. Bg2 Nf6 4. d3 Bf5 5. c3 e6 6. O-O h6 7. Qb3 Qc8 8. c4 Be7 9. cxd5 exd5 10. e4 dxe4 11. Nd4 Bg6 12. dxe4 O-O 13. Nc3 Na6 14. f3 Nc5 15. Qc2 Rd8 16. Be3 Ne6 17. Nde2 Nd5 18. Bf2 Nb4 19. Qb1 a5 20. f4 Bh5 21. f5 Ng5 22. Nf4 Bf3 23. h4 Bxg2 24. Kxg2 Nh7 25. a3 Na6 26. e5 Bc5 27. e6 Rf8 28. Ne4 Bxf2 29. Rxf2 Qc7 30. f6 g6 31. e7 Rfe8 32. Nxg6 Qd7 33. Ne5 Qe6 34. Nf3 Nxf6 35. Nfg5 hxg5 36. Nxf6+ Qxf6 37. Rxf6 Rxe7 38. Qf5 Rd8 39. Qxg5+ Kf8 40. Qh6+ Ke8 41. Qh8+ Kd7 42. Rd1+ 1-0


[Site "https://www.chess.com"]

[Event "Titled Tuesday Blitz September 28 2021"]
[White "Indjic, Aleksandar"]
[Black "Wadsworth, Matthew J"]
[WhiteFideId "911925"]
[BlackFideId "415804"]
[WhiteElo "2643"]
[BlackElo "2293"]
[Result "0-1"]
[Round "02"]
[TimeControl "180+1"]
[Date "2021.09.28"]
[WhiteClock "0:00:08"]
[BlackClock "0:00:12"]

1. e4 c5 2. Nf3 e6 3. b3 d5 4. Bb5+ Nc6 5. exd5 exd5 6. O-O Bd6 7. d4 Ne7 8. dxc5 Bxc5 9. Nc3 O-O 10. Bxc6 bxc6 11. Na4 Bd6 12. h3 Ng6 13. Bg5 Qc7 14. Re1 Bb7 15. Nd4 a6 16. Nf5 Be5 17. Nc5 Bxa1 18. Qxa1 f6 19. Ne6 Qd7 20. Nexg7 fxg5 21. Nh6+ Kh8 22. Ne6+ d4 23. Nc5 Qg7 24. Ng4 Bc8 25. Nh2 d3 26. Qc1 dxc2 27. Qxc2 Bf5 28. Qc1 Rae8 29. Rf1 Nf4 30. Kh1 Nd3 31. Nxd3 Bxd3 32. Rd1 Be4 33. f3 Bd5 34. Ng4 h5 35. Nh2 Re2 36. Rg1 Rfe8 37. a4 Qe5 38. Qb1 Kg7 39. Nf1 g4 40. Qc1 Re1 41. Qc2 Qe2 42. Qf5 Rxf1 43. Qg5+ Kf7 44. Qxh5+ Ke7 45. Qg5+ Kd6 46. Qf4+ Kd7 47. Qxg4+ Kc7 48. Qf4+ Kc8 49. Qg4+ Be6 50. Qg6 Rxg1+ 51. Kxg1 Qe1+ 52. Kh2 Qe5+ 53. Kg1 Rd8 54. Qc2 Qd4+ 55. Kh1 Qd1+ 56. Qxd1 Rxd1+ 57. Kh2 Bxb3 0-1


[Site "https://www.chess.com"]

[Event "Titled Tuesday Blitz September 28 2021"]
[White "Jain, Naveen"]
[Black "Molina, Roberto Junio Brito"]
[WhiteFideId "5003970"]
[BlackFideId "2109450"]
[WhiteElo "2036"]
[BlackElo "2402"]
[Result "0-1"]
[Round "02"]
[TimeControl "180+1"]
[Date "2021.09.28"]
[WhiteClock "0:00:03"]
[BlackClock "0:00:31"]

1. c4 c6 2. g3 d5 3. Bg2 dxc4 4. Nf3 b5 5. a4 Bb7 6. b3 cxb3 7. Qxb3 a6 8. axb5 axb5 9. Rxa8 Bxa8 10. Ba3 Nd7 11. O-O Ngf6 12. Nc3 e6 13. Bxf8 Nxf8 14. Ne5 Nd5 15. Nxd5 exd5 16. Rc1 Qd6 17. Qa2 Bb7 18. d4 Ne6 19. Qa7 Nd8 20. Nd3 O-O 21. Nc5 Bc8 22. Nd3 Re8 23. e3 f6 24. Ra1 Bf5 25. Nc5 Ne6 26. Nxe6 Bxe6 27. Qb6 Re7 28. Ra8+ Kf7 29. Rd8 Qc7 30. Qxc7 Rxc7 31. Rb8 Ke7 32. h4 h6 33. Bf1 Kd6 34. Bd3 Ra7 35. Kg2 Bf7 36. Kf3 Kc7 37. Rf8 Kb6 38. g4 b4 39. Rb8+ Rb7 40. Rf8 b3 41. Kf4 Be6 42. g5 fxg5+ 43. hxg5 hxg5+ 44. Kxg5 Rf7 45. Rb8+ Kc7 46. Rxb3 Rxf2 47. Ra3 Kd6 48. Bg6 Rg2+ 49. Kh5 Bg4+ 50. Kg5 Bf3+ 51. Kf5 Be4+ 52. Kf4 Rxg6 53. Rc3 Rf6+ 54. Kg5 Rg6+ 55. Kf4 Re6 56. Rxc6+ Kxc6 0-1


[Site "https://www.chess.com"]

[Event "Titled Tuesday Blitz September 28 2021"]
[White "Jary, Sergey"]
[Black "Kovalchuk94"]
[WhiteFideId "14110350"]
[WhiteElo "2260"]
[BlackElo "2691"]
[Result "1/2-1/2"]
[Round "02"]
[TimeControl "180+1"]
[Date "2021.09.28"]
[WhiteClock "0:00:11"]
[BlackClock "0:00:06"]

1. e4 e5 2. Nf3 Nf6 3. Nc3 Nc6 4. d4 exd4 5. Nxd4 Bb4 6. Nxc6 bxc6 7. Bd3 d5 8. exd5 cxd5 9. O-O O-O 10. Bg5 c6 11. Qf3 h6 12. Bxf6 Qxf6 13. Qxf6 gxf6 14. Ne2 Bd6 15. Nd4 c5 16. Nf5 Bxf5 17. Bxf5 Be5 18. Rab1 Rab8 19. b3 Bc3 20. Rfd1 d4 21. Rd3 Rfe8 22. Rg3+ Kf8 23. Rh3 Kg7 24. Rg3+ Kf8 25. Rh3 Bd2 26. Rd1 Re5 27. Bd3 Bb4 28. Rxh6 Rbe8 29. Rh8+ Kg7 30. Rxe8 Rxe8 31. f3 Re1+ 32. Rxe1 Bxe1 33. Kf1 Bb4 34. Ke2 Kh6 35. f4 Ba3 36. Kf3 Kg7 37. Ke4 Kf8 38. Kf5 Kg7 39. Ke4 Kf8 40. Kd5 a5 41. Kc6 Bb4 42. Bc4 Ke7 43. Kb5 Kf8 44. h4 Kg7 45. g4 Kf8 46. h5 Kg7 47. Bd5 f5 48. gxf5 f6 49. Bc6 Kh6 50. Be8 Kg7 51. Bg6 Kh6 52. Kc4 Kg7 53. Kd5 Kh6 54. Ke6 Bc3 55. a3 Bb2 56. a4 Bc3 57. Be8 Kg7 58. Bb5 Bd2 59. Kd5 Bb4 60. Bd3 Kh6 61. Ke6 Kg7 62. h6+ Kxh6 63. Kxf6 Kh7 64. Kf7 Kh8 65. f6 Bd2 66. f5 Bb4 67. Be2 Kh7 68. Bh5 Kh8 69. Bg6 Ba3 70. Ke6 Kg8 71. Kd5 Kf8 72. Kc4 Bb4 73. Kb5 Kg8 74. Bh5 Kf8 75. Be2 Kf7 76. Bc4+ Kxf6 77. Bd3 Ke5 78. Kc4 Kf6 79. Kd5 Ba3 80. Kc4 Bb4 81. Kb5 1/2-1/2


[Site "https://www.chess.com"]

[Event "Titled Tuesday Blitz September 28 2021"]
[White "Kamsky, Gata"]
[Black "Garcia Garcia, Alejandro"]
[WhiteFideId "2000024"]
[BlackFideId "3516334"]
[WhiteElo "2603"]
[BlackElo "2131"]
[Result "1-0"]
[Round "02"]
[TimeControl "180+1"]
[Date "2021.09.28"]
[WhiteClock "0:01:50"]
[BlackClock "0:00:49"]

1. e4 c5 2. Nf3 e6 3. d4 cxd4 4. Nxd4 Nc6 5. Nb5 d6 6. c4 Nf6 7. N1c3 a6 8. Nd4 Be7 9. Be2 O-O 10. O-O Ne5 11. Be3 b6 12. Rc1 Bb7 13. f3 Rc8 14. b3 Qc7 15. Qd2 Rfd8 16. Rfd1 Qb8 17. Kh1 Qa8 18. Na4 Ned7 19. Nc2 d5 20. exd5 b5 21. Nb6 Nxb6 22. Bxb6 Rd7 23. Bd4 exd5 24. cxb5 axb5 25. Bxb5 Rdc7 26. a4 Ba6 27. Bxa6 Qxa6 28. Ne3 Rxc1 29. Rxc1 Rxc1+ 30. Qxc1 Qd3 31. Qd1 Qa6 32. Bxf6 Bxf6 33. Nxd5 Be5 34. Ne7+ 1-0


[Site "https://www.chess.com"]

[Event "Titled Tuesday Blitz September 28 2021"]
[White "Kanyamarala, Tarun"]
[Black "Ozen, Bahadir"]
[WhiteFideId "45004714"]
[BlackFideId "6337058"]
[WhiteElo "2077"]
[BlackElo "2503"]
[Result "0-1"]
[Round "02"]
[TimeControl "180+1"]
[Date "2021.09.28"]
[WhiteClock "0:00:06"]
[BlackClock "0:01:28"]

1. d4 b6 2. e4 Bb7 3. Nc3 d6 4. Bc4 Nd7 5. Nf3 e6 6. a4 a6 7. O-O h6 8. Qe2 g6 9. e5 d5 10. Bd3 c5 11. Qe3 Bg7 12. Qf4 Ne7 13. h4 cxd4 14. Ne2 Nc6 15. Nexd4 Ncxe5 16. Nxe6 fxe6 17. Nxe5 Nxe5 18. Re1 Rf8 19. Qg3 Qf6 20. Bf1 Rc8 21. c3 Kf7 22. Be3 Nc4 23. Bd4 e5 24. Bxc4 exd4 25. Bd3 dxc3 26. Bxg6+ Kg8 27. bxc3 Rxc3 28. Qg4 Qxf2+ 29. Kh1 Rg3 30. Qe6+ Kh8 31. Re2 Qf6 32. Qxf6 Bxf6 33. Bd3 Bxa1 0-1


[Site "https://www.chess.com"]

[Event "Titled Tuesday Blitz September 28 2021"]
[White "Karavaeva, Olga"]
[Black "Schmakel, Sam"]
[WhiteFideId "4124111"]
[BlackFideId "2039311"]
[WhiteElo "2105"]
[BlackElo "2356"]
[Result "1-0"]
[Round "02"]
[TimeControl "180+1"]
[Date "2021.09.28"]
[WhiteClock "0:00:09"]
[BlackClock "0:00:02"]

1. c4 Nf6 2. Nc3 g6 3. g3 Bg7 4. Bg2 O-O 5. e3 d6 6. Nge2 e5 7. d4 Re8 8. O-O e4 9. d5 h5 10. h4 Nbd7 11. Nd4 Nf8 12. Qc2 Qe7 13. b3 N8h7 14. Bb2 g5 15. hxg5 Nxg5 16. Nce2 Bg4 17. Nf4 Nd7 18. Kh2 h4 19. gxh4 Nf3+ 20. Nxf3 exf3 21. Bh3 Qxh4 22. Rg1 Bxh3 23. Rxg7+ Kf8 24. Nxh3 Re4 25. Rag1 Ke7 26. Rg8 Rxg8 27. Rxg8 f5 28. Rg3 Ne5 29. Bxe5 dxe5 30. Rxf3 Kf6 31. Rg3 Rg4 32. Qe2 Rxg3 33. fxg3 Qe4 34. Nf2 Qb1 35. Kg2 a5 36. g4 f4 37. exf4 exf4 38. Ne4+ Kg6 39. Nc3 Qa1 40. Qe4+ Kg7 41. Qe5+ Kg6 42. Qf5+ Kg7 43. Qg5+ Kf7 44. Qxf4+ Kg7 45. Qd4+ Kg6 46. Ne2 Qxa2 47. Qd3+ Kg7 48. Kf3 a4 49. bxa4 Qxa4 50. Nf4 Qa1 51. g5 Qh1+ 52. Kg4 Qg1+ 53. Kf5 Qf2 54. Qe4 1-0


[Site "https://www.chess.com"]

[Event "Titled Tuesday Blitz September 28 2021"]
[White "Khusnutdinov, Rustam"]
[Black "Mortazavi, Ali"]
[WhiteFideId "13701703"]
[BlackFideId "401323"]
[WhiteElo "2571"]
[BlackElo "2339"]
[Result "1-0"]
[Round "02"]
[TimeControl "180+1"]
[Date "2021.09.28"]
[WhiteClock "0:01:01"]
[BlackClock "0:00:12"]

1. e4 c6 2. Nf3 d5 3. d3 g6 4. Qe2 Bg7 5. g3 Nd7 6. Bg2 e5 7. exd5 cxd5 8. Nxe5 Nxe5 9. d4 Bg4 10. f3 Bf5 11. dxe5 Qb6 12. c3 O-O-O 13. Be3 Qc7 14. f4 f6 15. Na3 a6 16. O-O-O fxe5 17. fxe5 Qxe5 18. Bxd5 Rxd5 19. Qc4+ Kb8 20. Bf4 Bh6 21. Rxd5 Bxf4+ 22. Qxf4 Qxf4+ 23. gxf4 Nf6 24. Rd4 Re8 25. Nc2 Re2 26. Rd2 Re4 27. Rf1 Nh5 28. Nd4 Bg4 29. f5 gxf5 30. Nxf5 Nf4 31. Ng3 Ra4 32. b3 1-0


[Site "https://www.chess.com"]

[Event "Titled Tuesday Blitz September 28 2021"]
[White "Kislov, Oleg"]
[Black "Visakh N R"]
[WhiteFideId "13503774"]
[BlackFideId "25012223"]
[WhiteElo "2252"]
[BlackElo "2454"]
[Result "0-1"]
[Round "02"]
[TimeControl "180+1"]
[Date "2021.09.28"]
[WhiteClock "0:00:03"]
[BlackClock "0:00:08"]

1. e4 c6 2. d4 d5 3. Nc3 dxe4 4. Nxe4 Bf5 5. Ng3 Bg6 6. N1e2 e6 7. Nf4 Bd6 8. Ngh5 Bxh5 9. Nxh5 g6 10. Ng3 Nf6 11. c3 h5 12. Bg5 Be7 13. Bd3 h4 14. Ne2 Nbd7 15. Qc2 Qa5 16. Bd2 h3 17. g3 Qd5 18. Rg1 Qf3 19. O-O-O O-O-O 20. Bf4 Rh5 21. Qa4 a6 22. g4 Rb5 23. Rg3 Qxf2 24. Bxb5 cxb5 25. Qc2 Nd5 26. Bh6 Qxh2 27. c4 Nb4 28. Qd2 bxc4 29. Bf4 Qf2 30. Rc3 Nd5 31. Rxc4+ Nc5 32. dxc5 Nxf4 33. Qxf4 Qxe2 34. Rxd8+ Bxd8 0-1


[Site "https://www.chess.com"]

[Event "Titled Tuesday Blitz September 28 2021"]
[White "Korobov, Anton"]
[Black "Janaszak, Dawid"]
[WhiteFideId "14105730"]
[BlackFideId "1119206"]
[WhiteElo "2984"]
[BlackElo "2588"]
[Result "1-0"]
[Round "02"]
[TimeControl "180+1"]
[Date "2021.09.28"]
[WhiteClock "0:00:08"]
[BlackClock "0:00:01"]

1. d4 Nf6 2. c4 c5 3. d5 b5 4. cxb5 a6 5. bxa6 Bxa6 6. Nc3 d6 7. Bg5 Nbd7 8. e4 Bxf1 9. Kxf1 g6 10. Bxf6 Nxf6 11. Nf3 Bg7 12. g3 Qb6 13. Qc2 O-O 14. Kg2 Rfb8 15. Rab1 Nd7 16. h4 Qa6 17. h5 c4 18. Qd2 Nf6 19. hxg6 hxg6 20. Nd4 Re8 21. a4 Qb6 22. Ndb5 e6 23. Rh4 exd5 24. exd5 Re7 25. Rxc4 Rae8 26. Rc6 Qb8 27. Nxd6 Rd8 28. Ndb5 Qb7 29. Kg1 Qxc6 30. dxc6 Rxd2 31. c7 Re8 32. Na7 Ng4 33. Ne4 Rc2 34. Nd6 Ree2 35. c8=Q+ Rxc8 36. Naxc8 Nxf2 37. Kf1 Rc2 38. a5 Ng4 39. a6 Nh2+ 40. Ke1 Nf3+ 41. Kd1 Rd2+ 42. Kc1 Bh6 43. Ne4 Rd4+ 44. Kc2 Rc4+ 45. Kb3 Rxc8 46. a7 Nd4+ 47. Ka4 Ra8 48. Rd1 Rxa7+ 49. Kb4 Ne6 50. Kc4 Kg7 51. b4 Rc7+ 52. Kb3 Be3 53. Nd6 Bf2 54. Ne8+ Kf8 55. Nxc7 Nxc7 56. Rd3 Ke7 57. Kc4 Ne6 58. b5 1-0


[Site "https://www.chess.com"]

[Event "Titled Tuesday Blitz September 28 2021"]
[White "Kucuksari, Kaan"]
[Black "Timofeev, Artyom"]
[WhiteFideId "6380166"]
[BlackFideId "4140419"]
[WhiteElo "2301"]
[BlackElo "2591"]
[Result "0-1"]
[Round "02"]
[TimeControl "180+1"]
[Date "2021.09.28"]
[WhiteClock "0:00:03"]
[BlackClock "0:00:13"]

1. d4 Nf6 2. c4 b6 3. f3 d5 4. cxd5 Nxd5 5. e4 Nf6 6. Nc3 e6 7. Bb5+ c6 8. Bc4 Be7 9. Nge2 O-O 10. O-O Ba6 11. b3 b5 12. Bd3 b4 13. Na4 Bb5 14. Nb2 Nbd7 15. Be3 a6 16. Rc1 Rc8 17. Na4 e5 18. Kh1 Bxa4 19. bxa4 a5 20. Ba6 Rc7 21. dxe5 Nxe5 22. Bb6 Qxd1 23. Rfxd1 Rd7 24. Bd4 Rfd8 25. Rf1 Rxd4 26. Nxd4 Rxd4 27. f4 Nd3 28. Bxd3 Rxd3 29. e5 Ne4 30. Rxc6 g6 31. Rc4 Nc3 32. Kg1 Nxa2 33. f5 gxf5 34. Rxf5 Nc3 35. e6 fxe6 36. Rg4+ Kh8 37. Rxa5 h6 38. Ra8+ Kh7 39. Ra7 Nd5 40. Rxb4 Nxb4 41. Rxe7+ Kg8 42. Rxe6 Kg7 43. Rb6 Nc2 44. Rb7+ Kg6 45. Rb6+ Kg5 46. Rb5+ Kf4 47. Kf2 Rd2+ 48. Kf1 Ne3+ 49. Ke1 Rxg2 50. Rh5 Rg6 51. Kd2 Nf5 52. Rh3 Ra6 53. Ra3 h5 54. Kd3 h4 55. Kc4 Ne3+ 56. Kb5 Ra8 57. a5 Nf1 58. h3 Ne3 59. a6 Nd5 60. Kc6 Nb4+ 61. Kb5 Nxa6 62. Ra4+ Kg3 63. Ra3+ Kg2 64. Ra2+ Kxh3 65. Ra3+ Kg4 66. Ra4+ Kg5 67. Ra3 Nc7+ 0-1


[Site "https://www.chess.com"]

[Event "Titled Tuesday Blitz September 28 2021"]
[White "Lashkin, Jegor"]
[Black "Rostovtsev, Dmitry"]
[WhiteFideId "13907808"]
[BlackFideId "34278320"]
[WhiteElo "2293"]
[BlackElo "2240"]
[Result "1-0"]
[Round "02"]
[TimeControl "180+1"]
[Date "2021.09.28"]
[WhiteClock "0:00:08"]
[BlackClock "0:00:01"]

1. a3 Nf6 2. d4 d5 3. Nf3 Bf5 4. c4 e6 5. Nc3 c6 6. Bg5 Nbd7 7. e3 h6 8. Bh4 Be7 9. Bd3 Bxd3 10. Qxd3 Qb6 11. O-O Qa6 12. b3 O-O 13. e4 dxe4 14. Nxe4 Rad8 15. Qe2 Rfe8 16. Nc3 Qb6 17. b4 a5 18. c5 Qc7 19. Bg3 Qc8 20. bxa5 Qa8 21. Bc7 Rc8 22. Bb6 Nd5 23. Ne4 N7f6 24. Nxf6+ Bxf6 25. g3 Qb8 26. Rfe1 Qa8 27. Qc4 Nxb6 28. axb6 Red8 29. a4 Qa5 30. Reb1 Rd5 31. Ra3 Rcd8 32. Rd3 e5 33. Re1 exd4 34. Rc1 Ra8 35. Ra3 Rad8 36. Ne1 d3 37. Nxd3 Rd4 38. Qc2 Bg5 39. Rb1 Qa6 40. Rbb3 Qa5 41. Rc3 Bf6 42. Kg2 Qa8 43. a5 Qa6 44. Nf4 Rd1 45. Rd3 R1xd3 46. Nxd3 Rd4 47. Qe2 Qa8 48. a6 bxa6 49. Nf4 Qb7 50. Qxa6 Qd7 51. Qe2 g5 52. Ra8+ Kh7 53. Qc2+ Kg7 54. Nh5# 1-0


[Site "https://www.chess.com"]

[Event "Titled Tuesday Blitz September 28 2021"]
[White "Laxman, R.R."]
[Black "Manukian, Artak"]
[WhiteFideId "5005361"]
[BlackFideId "13301373"]
[WhiteElo "2476"]
[BlackElo "2331"]
[Result "1-0"]
[Round "02"]
[TimeControl "180+1"]
[Date "2021.09.28"]
[WhiteClock "0:02:45"]
[BlackClock "0:02:13"]

1. d4 d5 2. Nf3 Nf6 3. c3 c5 4. dxc5 a5 5. Be3 Nc6 6. Nbd2 Ng4 7. Bg5 h6 8. Bh4 g5 9. Bg3 e5 10. h3 e4 11. hxg4 exf3 12. exf3 Bxc5 13. Nb3 Bd6 14. Qxd5 O-O 15. Qxd6 Re8+ 16. Be2 1-0


[Site "https://www.chess.com"]

[Event "Titled Tuesday Blitz September 28 2021"]
[White "Lazavik, Denis"]
[Black "Pandey Srishti"]
[WhiteFideId "13515110"]
[BlackFideId "35093290"]
[WhiteElo "2436"]
[BlackElo "1816"]
[Result "1-0"]
[Round "02"]
[TimeControl "180+1"]
[Date "2021.09.28"]
[WhiteClock "0:00:07"]
[BlackClock "0:00:16"]

1. d4 d5 2. c4 c6 3. Nf3 Nf6 4. e3 e6 5. b3 Nbd7 6. Bd3 Bd6 7. Bb2 O-O 8. O-O Re8 9. Ne5 dxc4 10. bxc4 c5 11. f4 b6 12. Qf3 Ba6 13. Nc3 Rc8 14. Rad1 Qc7 15. Qh3 g6 16. a4 Bf8 17. Nb5 Bxb5 18. axb5 Bg7 19. Nc6 a6 20. dxc5 Nxc5 21. Be5 Qb7 22. Be2 Nfe4 23. Bf3 f5 24. Bxg7 Kxg7 25. Rd4 axb5 26. cxb5 Nb3 27. Rd3 Nbc5 28. Rd4 Nb3 29. Rdd1 Nbc5 30. Ne5 Re7 31. Rd4 Nb3 32. Bxe4 fxe4 33. Rd6 Nc5 34. Rfd1 Ra8 35. Qh4 Ra2 36. Rxb6 Qa7 37. Nc6 Qxb6 38. Qxe7+ Kh6 39. Qf8+ Kh5 40. Qg7 h6 41. Qe5+ g5 42. fxg5 Nd3 43. Qd4 Qxd4 44. Nxd4 hxg5 45. Nxe6 Rb2 46. h3 Rxb5 47. Rf1 Kg6 48. Nd4 Rb2 49. Rf8 Kg7 50. Ne6+ Kg6 51. Nd4 Ne5 52. Ne6 Nc4 53. Rf2 Rb1+ 54. Kh2 Nxe3 55. Nf8+ Kg7 56. Ne6+ Kh6 57. Rf6+ Kh7 58. Nxg5+ Kg7 59. Nxe4 Nf1+ 60. Kg1 Ng3+ 61. Kh2 Nxe4 62. Rf4 Ng5 63. Rg4 Kf6 64. h4 Ne4 65. Rxe4 Kf5 66. Ra4 Kg6 67. Kh3 Rb3+ 68. Kg4 Rb1 69. Ra6+ Kg7 70. g3 Rb4+ 71. Kh3 Rb7 72. h5 Rb5 73. Kh4 Kh7 74. g4 Rb4 75. Ra5 Kh6 76. Rf5 Kg7 77. Kg5 Ra4 78. h6+ Kh7 79. Rf7+ Kg8 80. Rb7 Ra5+ 81. Kh4 Ra6 82. g5 Ra1 83. Kh5 Rh1+ 84. Kg6 Ra1 85. Rb8# 1-0


[Site "https://www.chess.com"]

[Event "Titled Tuesday Blitz September 28 2021"]
[White "Lovkov, Roman"]
[Black "Perera Alfonso, Rene Humberto"]
[WhiteFideId "4157389"]
[BlackFideId "3514722"]
[WhiteElo "2371"]
[BlackElo "2313"]
[Result "1-0"]
[Round "02"]
[TimeControl "180+1"]
[Date "2021.09.28"]
[WhiteClock "0:00:17"]
[BlackClock "0:00:03"]

1. e4 c5 2. c3 d6 3. d4 Nf6 4. Bd3 g6 5. h3 Bg7 6. Nf3 O-O 7. O-O a6 8. Re1 Qc7 9. e5 Nd5 10. a3 cxd4 11. cxd4 Nc6 12. Qe2 dxe5 13. dxe5 Rd8 14. Bc4 Be6 15. Ba2 Rac8 16. Bd2 Qb6 17. Nc3 Qxb2 18. Nxd5 Bxd5 19. Bxd5 Rxd5 20. Reb1 Nd4 21. Rxb2 Nxe2+ 22. Kf1 Nd4 23. Nxd4 Rxd4 24. Be3 Rd7 25. Rab1 Bxe5 26. Rxb7 Rxb7 27. Rxb7 Bd6 28. Ra7 Rc6 29. a4 f5 30. a5 Kf7 31. Bb6 Bc5 32. Rxa6 Bxb6 33. Rxb6 Rc1+ 34. Ke2 Ra1 35. a6 h6 36. h4 e5 37. h5 gxh5 38. Rxh6 e4 39. Ke3 Ra2 40. g3 Ra3+ 41. Kd4 Kg7 42. Rb6 f4 43. gxf4 h4 44. Kxe4 h3 45. Rb7+ 1-0


[Site "https://www.chess.com"]

[Event "Titled Tuesday Blitz September 28 2021"]
[White "Lukovic, Vladimir"]
[Black "Jain Kashish Manoj"]
[WhiteFideId "942952"]
[BlackFideId "35081098"]
[WhiteElo "2436"]
[BlackElo "1681"]
[Result "1-0"]
[Round "02"]
[TimeControl "180+1"]
[Date "2021.09.28"]
[WhiteClock "0:01:34"]
[BlackClock "0:00:35"]

1. e4 c5 2. Nf3 d6 3. d4 cxd4 4. Qxd4 Nf6 5. h3 Nc6 6. Qe3 e6 7. c4 Be7 8. Be2 O-O 9. O-O b6 10. Rd1 Qc7 11. Nc3 a6 12. b3 Bb7 13. Bb2 Rac8 14. Rac1 Rfd8 15. Nd5 exd5 16. cxd5 Qb8 17. dxc6 Rxc6 18. Rxc6 Bxc6 19. Nd4 Bxe4 20. f3 Bb7 21. Nf5 Bf8 22. Qg5 Kh8 23. Bxf6 gxf6 24. Qxf6+ Kg8 25. Rd4 1-0


[Site "https://www.chess.com"]